 Dungeon Crawl Stone Soup version 0.31-a0-496-g6f97920a28 (webtiles) character file.

Game seed: 9328195445478476498

59 randomguy2701 the Grave Robber (level 3, 0/18 (19) HPs)
             Began as a Deep Elf Necromancer on Aug 9, 2023.
             Hit by a goblin thrown by Robin (2 damage)
             ... on level 2 of the Dungeon.
             The game lasted 00:01:46 (1466 turns).

randomguy2701 the Grave Robber (DENe)               Turns: 1466, Time: 00:01:47

HP:   0/18 (19)     AC:  2    Str:  5    XL:     3   Next: 78%
MP:   2/10          EV: 12    Int: 21    God:
Gold: 76            SH:  0    Dex: 15    Spells: 9/10 levels left

rFire   . . .        (no weapon)
rCold   . . .        (no shield)
rNeg    . . .        a - +0 robe
rPois   .            (no helmet)
rElec   .            (no cloak)
rCorr   .            (no gloves)
SInv    .            (no boots)
Will    .....        (no amulet)
Stlth   ++           (no ring)
HPRegen 0.23/turn    (no ring)
MPRegen 0.12/turn

%: no passive effects
@: drained
A: no striking features
a: no special abilities


You were on level 2 of the Dungeon.
You visited 1 branch of the dungeon, and saw 2 of its levels.

You collected 76 gold pieces.

Inventory:

Armour
 a - a +0 robe (worn)
Scrolls
 c - a scroll of acquirement {unknown}
 e - 4 scrolls of vulnerability {unknown}
 f - a scroll of butterflies {unknown}
Potions
 b - a potion of magic
 d - a potion of invisibility {unknown}


   Skills:
 + Level 2.4 Dodging
 + Level 2.5 Stealth
 + Level 4.0 Spellcasting
 + Level 6.0 Necromancy


You had 9 spell levels left.
You knew the following spells:

 Your Spells              Type           Power      Damage    Failure   Level
a - Necrotise             Necr           100%       1d9       1%          1

Your spell library contained the following spells:

 Spells                   Type           Power      Damage    Failure   Level
 Vampiric Draining        Necr           29%        2d8       3%          3
 Animate Dead             Necr           29%        N/A       10%         4
 Agony                    Necr           29%        N/A       26%         5


Dungeon Overview and Level Annotations

Branches:
Dungeon (2/15)

Altars:

Annotations:
D:2 Robin


Message History

Confirm with . or Enter, or press ? or * to list all spells.
Aiming: Necrotise (safe; 1% risk of failure)
Press: ? - help, Shift-Dir - straight line, f - goblin
Aim: a goblin, wielding a +0 club (strong, chance to affect: 93%)
The goblin writhes in agony.
The goblin hits you but does no damage.
Casting: Necrotise (safe; 1% risk of failure)
Confirm with . or Enter, or press ? or * to list all spells.
Aiming: Necrotise (safe; 1% risk of failure)
Press: ? - help, Shift-Dir - straight line, f/p - goblin
Aim: a goblin, wielding a +0 club (heavily wounded, strong, chance to affect: 93%)
The goblin writhes in agony.
You kill the goblin!
The dead are walking!
The hobgoblin hits you.
* * * LOW HITPOINT WARNING * * *
The goblin barely misses your goblin skeleton.
The hobgoblin attacks as you move away! The hobgoblin hits you.
* * * LOW HITPOINT WARNING * * *
Your goblin skeleton completely misses the hobgoblin.
The goblin barely misses your goblin skeleton.
Your hobgoblin skeleton barely misses the goblin.
Casting: Necrotise (safe; 1% risk of failure)
Confirm with . or Enter, or press ? or * to list all spells.
Aiming: Necrotise (safe; 1% risk of failure)
Press: ? - help, Shift-Dir - straight line, f - hobgoblin
Aim: a hobgoblin (strong, ally target, chance to affect: 93%)
The hobgoblin writhes in agony.
Your goblin skeleton hits the goblin.
The goblin hits your goblin skeleton with a +0 dagger.
Your goblin skeleton hits the hobgoblin.
Your hobgoblin skeleton hits the goblin.
Casting: Necrotise (safe; 1% risk of failure)
Confirm with . or Enter, or press ? or * to list all spells.
Aiming: Necrotise (safe; 1% risk of failure)
Press: ? - help, Shift-Dir - straight line, f/p - hobgoblin
Aim: a hobgoblin (heavily wounded, strong, not watching you, ally target, chance to affect: 93%)
The hobgoblin writhes in agony.
You kill the hobgoblin!
The dead are walking!
Your goblin skeleton closely misses the goblin.
Robin throws the goblin at you!
You die...

.....................#
.....)...######.....##
...g.....####......####
...g.....#............#
.....g..[..#.###..###.##
.....Zg..#...##...###..#
.....Zgg)##............##
......ZZ##.#...........#
#######.@g...##..........
#.###.###..........
#.##..#.....#.#....
#.#..#..#####......
#...##.######......
#..................
##.##..####### ...
#....## ######


You could see Robin, 3 hobgoblins, 3 goblins, 2 friendly goblin skeletons and 2
friendly hobgoblin skeletons.

Vanquished Creatures
  A gnoll (D:1)
  An adder (D:2)
  2 dart slugs (D:1)
  3 ball pythons (D:1)
  2 endoplasms
  5 hobgoblins
  3 quokkas
  A bat (D:2)
  3 frilled lizards (D:1)
  6 goblins
  3 kobolds (D:1)
  3 rats
33 creatures vanquished.

Vanquished Creatures (collateral kills)
  An endoplasm (D:2)
  A hobgoblin (D:1)
2 creatures vanquished.

Grand Total: 35 creatures vanquished

Notes
Turn   | Place    | Note
-------+----------+-------------------------------------------
     0 | D:1      | randomguy2701 the Deep Elf Necromancer began the quest for
                  | the Orb.
     0 | D:1      | Reached XP level 1. HP: 10/10 MP: 6/6
   130 | D:1      | Reached skill level 5 in Necromancy
   320 | D:1      | Reached XP level 2. HP: 15/15 MP: 6/8
   844 | D:1      | Reached XP level 3. HP: 13/19 MP: 5/10
  1342 | D:2      | Noticed Robin
  1461 | D:2      | Reached skill level 6 in Necromancy
  1466 | D:2      | Hit by a goblin thrown by Robin

Illustrated notes

Levels and vault maps discovered:
D:1:      arrival_zaba_pyramid, layout_basic
D:2:      layout_rooms, uniq_robin

Skill      XL: |  1  2  3 |
---------------+----------+-----
Necromancy     | 5 6 |  6.0
Spellcasting   | 4 |  4.0
Dodging        | |  2.4
Stealth        | |  2.5

Action                     || total
---------------------------++-------
  Melee: Unarmed           ||     1
   Cast: Necrotise         ||    58
 Armour: Robe              ||     1
  Dodge: Dodged            ||     9

Table legend: (Time is in decaauts)
 A = Elapsed time spent in this place.
 B = Non-inter-level travel time spent in this place.
 C = Inter-level travel time spent in this place.
 D = Time resting spent in this place.
 E = Time spent auto-exploring this place.
 F = Levels seen in this place.
 G = Mean time per level.
                   A        B        C        D        E       F      G
               +--------+--------+--------+--------+--------+-----+--------+
         Total |   1457 |   1428 |     29 |     30 |   1246 |   2 |  728.5 |
       Dungeon |   1457 |   1428 |     29 |     30 |   1246 |   2 |  728.5 |
               +--------+--------+--------+--------+--------+-----+--------+

Top non-repeatable levels by time:
     D:1: 1171 daAuts
     D:2: 286 daAuts
